[Event "44th Chess Olympiad Women 2022"]
[Site "Chennai"]
[Date "2022.07.31"]
[Round "3.37"]
[White "Mills, Morgen"]
[Black "Ranasinghe, S D.."]
[Result "1/2-1/2"]
[WhiteElo "1993"]
[BlackElo "1687"]
[Annotator "NA"]
[PlyCount "96"]
[EventDate "2022.??.??"]
[TimeControl "60"]

1. e4 c5 2. Nf3 Nc6 3. Bb5 g6 4. O-O Nf6 5. Re1 Bg7 6. Nc3 a6 7. Bxc6 bxc6 8. e5 Nd5 9. Ne4 c4 10. Qe2 O-O 11. Qxc4 a5 12. a3 Ba6 13. Qc5 Rb8 14. Nc3 Nf4 15. d3 Ne6 16. Qe3 d5 17. Ne2 c5 18.
Nf4 d4 19. Nxe6 fxe6 20. Qe2 Rf5 21. g4 Rf8 22. Ng5 Qd7 23.
Ne4 Qd5 24. f4 c4 25. Qg2 cxd3 26. cxd3 Bxd3 27. Nf2 Bc4 28. Qxd5 exd5 29. g5 Rb3 30. Rd1 d3 31. Rb1 h6 32. h4 hxg5 33. hxg5 Rfb8 34. Bd2 Rxb2 35. Rxb2 Rxb2 36. Bxa5 Rb3 37. Ra1 Kf7 38. Nd1 Bf8 39. Bb4 e6 40. Bxf8 Kxf8 41. Kf2 Ke7 42. a4 Rb4 43. Ke3 Ba6 44. Nf2 Kd7 45. a5 Kc7 46. Rc1+ Kd7 47. Ra1 Kc7 48. Rc1+ Kd7 1/2-1/2

[Event "44th Chess Olympiad Women 2022"]
[Site "Chennai"]
[Date "2022.07.31"]
[Round "3.37"]
[White "Ouellet, Maili-Jade"]
[Black "Wickramasinghe, Minethma Lasandi"]
[Result "1-0"]
[WhiteElo "2239"]
[BlackElo "1541"]
[Annotator "RC"]
[PlyCount "95"]
[EventDate "2022.??.??"]
[TimeControl "60"]

1. d4 Nf6 2. c4 e6 3. Nf3 Bb4+ 4. Bd2 Qe7 5. a3 Bxd2+ 6. Qxd2 d6 7. Nc3 O-O 8. e4 e5 9. d5 a5 10. Bd3 Bg4 11. Ng1 Na6 12. f3 Bd7 13.
Nge2 Nc5 14. Bc2 a4 15. g4 Rfb8 16. Ng3 Ne8 17. h4 b5 18.
cxb5 Bxb5 19. Nf5 Qd8 20. g5 Bd7 21. Rb1 Ra6 22. Ne3 Bb5 23.
Kf2 Rab6 24. Kg2 Qd7 25. Na2 Na6 26. Bd1 c5 27. Nc3 Nec7 28.
Rh2 R6b7 29. Kh1 Na8 30. h5 Nb6 31. Nxb5 Qxb5 32. Be2 c4 33.
g6 h6 34. Nf5 Nc8 35. gxf7+ Rxf7 36. Rg2 Kf8 37. Nxh6 gxh6 38.
Qxh6+ Ke7 39. Qe6+ Kf8 40. Rbg1 Ne7 41. Qxd6 Ke8 42. Rg8+ Rf8 43. R8g7 Rb7 44. Qxe5 Qd7 45. R1g3 Qb5 46. h6 Qxb2 47. Rxe7+ Rxe7 48. Qxb2 1-0

[Event "44th Chess Olympiad Women 2022"]
[Site "Chennai"]
[Date "2022.07.31"]
[Round "3.37"]
[White "Wijesuriya, G P Y.."]
[Black "Demchenko, Svitlana"]
[Result "0-1"]
[WhiteElo "1579"]
[BlackElo "2122"]
[Annotator "NA RC"]
[PlyCount "132"]
[EventDate "2022.??.??"]
[TimeControl "60"]

1. e4 Nf6 2. Nc3 d5 3. exd5 Nxd5 4. Bc4 Nb6 5. Bb3 Nc6 6.
Nf3 Bf5 7. O-O e6 8. d4 Be7 9. h3 Qd7 10. Bf4 O-O 11. Nb5 Rac8 12. Nc3 Rfd8 13. Ne2 Na5 14. Ne5 Qb5 15. a4 Qe8 16. c3 c5 17. Ng3 Bg6 18. Nxg6 hxg6 19. Bc2 cxd4 20. cxd4 Nc6 21. Be3 Bf6 22. a5 Nxd4 23. Be4 Nc2 24. Qf3 Nd5 25. Rac1 Ncxe3 26. fxe3 Rxc1 27. Rxc1 Nxe3 28. Bxb7 Qb5 29. Ne4 Bd4 30. Kh1 Qxb2 31. Re1 Qb4 32. Rc1 Qxa5 33. Ng3 Nf5 34. Rf1 Qb5 35. Ne2 Bf6 36. Bc6 Qd3 37. Qxd3 Rxd3 38. Rb1 Rd2 39. Bf3 Rxe2 40. Bxe2 Ng3+ 41. Kg1 Bd4+ 42. Kh2 Nxe2 43. Rb8+ Kh7 44. Rb7 f6 45. g4 a5 46. Kg2 Nf4+ 47. Kg3 e5 48. g5 f5 49. Rb5 a4 50. Ra5 Ne2+ 51. Kf3 Nc3 52. Kg3 Kg8 53. h4 Kf7 54. Ra6 Bc5 55. h5 gxh5 56. g6+ Ke7 57. Rc6 a3 58. Kh4 a2 59. Rc7+ Kd6 60. Rxg7 a1=Q 61. Kxh5 Ne4 62. Rd7+ Kxd7 63. g7 Qg1 64. Kh6 Qg5+ 65. Kh7 Nf6+ 66. Kh8 Qh6# 0-1

[Event "44th Chess Olympiad Women 2022"]
[Site "Chennai"]
[Date "2022.07.31"]
[Round "3.38"]
[White "Morales Flores, Monserrat"]
[Black "Cho, Yeonhee"]
[Result "1-0"]
[WhiteElo "1946"]
[BlackElo "1427"]
[Annotator "NA"]
[PlyCount "71"]
[EventDate "2022.??.??"]
[TimeControl "60"]

1. e4 e5 2. Nf3 Nc6 3. Bc4 Bc5 4. c3 Nf6 5. d4 exd4 6. e5 d5 7. Bb5 Ne4 8. cxd4 Bb6 9. Nc3 Bg4 10. Be3 O-O 11. h3 Bh5 12. Qc2 Bg6 13.
Qb3 Ne7 14. O-O c6 15. Bd3 Nxf2 16. Bxg6 Nxh3+ 17. gxh3 Nxg6 18.
Ne2 Re8 19. Ng3 f6 20. exf6 Qxf6 21. Rae1 Qd6 22. Nf5 Qd7 23. Qd3 Ne7 24. Ng5 Nxf5 25. Rxf5 Qd6 26. Rf3 g6 27. Qf1 Rf8 28. Qg2 Rxf3 29. Nxf3 Rf8 30. Bh6 Rd8 31. Qg5 Bc7 32. Re7 Qg3+ 33. Qxg3 Bxg3 34. Rxb7 Rb8 35. Rg7+ Kh8 36. Ng5 1-0

[Event "44th Chess Olympiad Women 2022"]
[Site "Chennai"]
[Date "2022.07.31"]
[Round "3.38"]
[White "Park, Haneul"]
[Black "Toro Pradenas, Maria Jose"]
[Result "0-1"]
[WhiteElo "1531"]
[BlackElo "1945"]
[Annotator "NA RC"]
[PlyCount "50"]
[EventDate "2022.??.??"]
[TimeControl "60"]

1. d4 d5 2. c4 c6 3. Nc3 Nf6 4. Nf3 e6 5. e3 Nbd7 6. Qc2 Bd6 7. Bd3 O-O 8.
O-O dxc4 9. Bxc4 e5 10. Rd1 Qe7 11. e4 exd4 12. Nxd4 Ne5 13. Bb3 Ng6 14. Bg5 Bxh2+ 15. Kh1 Bc7 16. Nf5 Qe5 17. g3 Nxe4 18.
f4 Qxf5 19. Qxe4 Qh3+ 20. Kg1 Bb6+ 21. Rd4 Bf5 22. Qe3 Rfe8 23. Qd2 Qxg3+ 24. Kh1 Bxd4 25. Qxd4 Bg4 0-1

[Event "44th Chess Olympiad Women 2022"]
[Site "Chennai"]
[Date "2022.07.31"]
[Round "3.38"]
[White "Park, Sunwoo"]
[Black "Gomez Barrera, Javiera Belen"]
[Result "0-1"]
[WhiteElo "1773"]
[BlackElo "2210"]
[Annotator "RC"]
[PlyCount "76"]
[EventDate "2022.??.??"]
[TimeControl "60"]

1. e4 e5 2. Nf3 Nc6 3. Bc4 Bc5 4. d3 Nf6 5. O-O d6 6. c3 a5 7. Nbd2 O-O 8. Re1 Be6 9. Bb5 Ne7 10. Nf1 c6 11. Ba4 Ng6 12. Be3 Bxe3 13.
Rxe3 d5 14. exd5 Nxd5 15. Re1 Ndf4 16. Bc2 Bf5 17. d4 Bxc2 18. Qxc2 exd4 19. cxd4 a4 20. Ng3 Ra5 21. Rad1 Qd5 22. Qe4 Qxa2 23. Ne5 Qd5 24. Nf5 Qxe4 25. Rxe4 Rd8 26. Rde1 h5 27. g3 Nxe5 28. dxe5 Nd3 29. Rd1 Rd7 30. Re3 Nxe5 31. Rde1 f6 32. Nh4 Rb5 33. R1e2 Nc4 34. Re8+ Kf7 35. Rh8 Re7 36. Rc2 Nxb2 37. Ra8 Nd3 38. Rxa4 Rb1+ 0-1

[Event "44th Chess Olympiad Women 2022"]
[Site "Chennai"]
[Date "2022.07.31"]
[Round "3.38"]
[White "Sanchez Tobar, Francisca Valenti"]
[Black "Kang, Sohyun"]
[Result "1-0"]
[WhiteElo "1839"]
[BlackElo "1593"]
[Annotator "NA RC"]
[PlyCount "57"]
[EventDate "2022.??.??"]
[TimeControl "60"]

1. e4 e6 2. d4 d5 3. Nd2 c5 4. Ngf3 cxd4 5. Nxd4 Nc6 6. Bb5 Bd7 7. Nxc6 bxc6 8. Bd3 Bd6 9. Qe2 Qc7 10. Nf3 Ne7 11. e5 Bc5 12. c3 Bb6 13.
O-O c5 14. c4 d4 15. a3 Bc6 16. b4 Rd8 17. Re1 Ng6 18. Bg5 Rc8 19. Nh4 Qb8 20. Rab1 Qa8 21. Qg4 a6 22. Bxg6 hxg6 23. Nxg6 Rh7 24. Ne7 Rc7 25. bxc5 Bxc5 26. Nxc6 Qxc6 27. Rb8+ Rc8 28. Qe4 Kd7 29. Rxc8 1-0

[Event "44th Chess Olympiad Women 2022"]
[Site "Chennai"]
[Date "2022.07.31"]
[Round "3.39"]
[White "Ndirangu, Joyce Nyaruai"]
[Black "Matute Escobar, Roxanny"]
[Result "1-0"]
[WhiteElo "1679"]
[BlackElo "1834"]
[Annotator "NA"]
[PlyCount "141"]
[EventDate "2022.??.??"]
[TimeControl "60"]

1. d4 Nf6 2. Nf3 g6 3. c4 Bg7 4. Nc3 O-O 5. e4 d6 6. Be2 e5 7. dxe5 dxe5 8. Qxd8 Rxd8 9. Bg5 Re8 10. O-O c6 11. Rad1 Nbd7 12. Rd6 h6 13. Be3 Bf8 14. Rdd1 Nc5 15. Nd2 Ng4 16. Bxg4 Bxg4 17. f3 Be6 18. b3 Rad8 19. Ndb1 f5 20. Rxd8 Rxd8 21. Rd1 Rxd1+ 22. Nxd1 fxe4 23. fxe4 Nxe4 24. Bxa7 Bg4 25. Nf2 Nxf2 26.
Kxf2 Bb4 27. Ke3 Kf7 28. Nd2 Be7 29. Ne4 Ba3 30. h3 Bc8 31.
Bc5 Bxc5+ 32. Nxc5 Ke7 33. Ke4 Kd6 34. b4 b5 35. Kd3 h5 36. h4 Bf5+ 37. Kc3 bxc4 38. Kxc4 Bg4 39. Ne4+ Ke6 40. Kc5 Bf5 41. Ng5+ Kd7 42. a4 Kc7 43. Nf7 e4 44. Kd4 Kb6 45. Nd6 Be6 46. Nxe4 Bb3 47. a5+ Kb5 48. Nc5 Bd5 49. g3 Bf3 50. Ne4 Bg2 51. Nc5 Bh3 52. Kc3 Bf5 53. Nb7 Bb1 54. Nd6+ Ka6 55. Kd4 Ba2 56. Kc5 Bd5 57. Nc8 Kb7 58. Ne7 Be4 59. Kd6 Ka6 60. Kc5 Kb7 61. a6+ Kxa6 62. Nxc6 Kb7 63. Na5+ Kc7 64. b5 Bf3 65. b6+ Kd7 66. Nc4 Ke6 67. Kd4 g5 68. hxg5 Kf5 69. g6 Kf6 70. Ne5 Bg2 71. Kc5 1-0

[Event "44th Chess Olympiad Women 2022"]
[Site "Chennai"]
[Date "2022.07.31"]
[Round "3.39"]
[White "Obondo, Cynthia Awino"]
[Black "Otazo Sanchez, Annyd Gabriela"]
[Result "0-1"]
[WhiteElo "1439"]
[BlackElo "1932"]
[Annotator "NA RC"]
[PlyCount "64"]
[EventDate "2022.??.??"]
[TimeControl "60"]

1. d4 Nf6 2. Nf3 g6 3. e3 Bg7 4. Bd3 d6 5. O-O O-O 6. b3 Nc6 7. Bb2 e5 8. Nbd2 Re8 9. Bb5 e4 10. Bxc6 bxc6 11. Ne1 Bg4 12. f3 exf3 13. gxf3 Bh3 14. Ng2 Bxg2 15. Kxg2 Rxe3 16. Nc4 Re6 17. Qd2 Nd5 18. Rae1 Qh4 19. Rxe6 fxe6 20. Bc1 Qxd4 21. Qe2 Qf6 22. Na5 c5 23. Qa6 Rf8 24. Qxa7 Nf4+ 25. Bxf4 Qxf4 26. Nc6 Qg5+ 27. Kh1 Qd2 28. Qxc7 Qe2 29. Kg1 Bh6 30. Ne7+ Kh8 31. Rb1 Be3+ 32. Kh1 Qxf3# 0-1

[Event "44th Chess Olympiad Women 2022"]
[Site "Chennai"]
[Date "2022.07.31"]
[Round "3.39"]
[White "Perez Hernandez, Vicmary C."]
[Black "Madelta Glenda"]
[Result "1-0"]
[WhiteElo "1862"]
[BlackElo "1516"]
[Annotator "NA RC"]
[PlyCount "49"]
[EventDate "2022.??.??"]
[TimeControl "60"]

1. e4 e6 2. d4 d5 3. e5 c5 4. c3 Bd7 5. Nf3 Nc6 6. a3 a5 7. Bd3 Qb6 8. O-O cxd4 9. cxd4 Nxd4 10. Nxd4 Qxd4 11. Qe2 Qb6 12. Nc3 Ne7 13. Qg4 Ng6 14. Qg3 Be7 15. Re1 Bc6 16. Rb1 Bh4 17. Qf3 d4 18. Ne4 Nxe5 19. Nd6+ Kd7 20. Qf4 Bxf2+ 21. Qxf2 Kxd6 22. Rxe5 Kxe5 23. Bf4+ Kd5 24. Qf3+ Kc5 25. Rc1# 1-0

[Event "44th Chess Olympiad Women 2022"]
[Site "Chennai"]
[Date "2022.07.31"]
[Round "3.39"]
[White "Varela La Madrid, Tilsia Carolina"]
[Black "Mongeli, Sasha"]
[Result "1-0"]
[WhiteElo "2079"]
[BlackElo "1672"]
[Annotator "NA"]
[PlyCount "119"]
[EventDate "2022.??.??"]
[TimeControl "60"]

1. e4 c6 2. d4 d5 3. Nc3 dxe4 4. Nxe4 Nd7 5. Nf3 Ngf6 6. Ng3 e6 7. Bd3 c5 8. O-O cxd4 9. Nxd4 Bc5 10. Nb3 O-O 11. Bg5 Be7 12. Qe2 b6 13.
Rad1 Bb7 14. Bxf6 Bxf6 15. Bb5 Bc8 16. Qd3 Qc7 17. Ne4 Be7 18.
Qg3 Qxg3 19. hxg3 Nf6 20. Nd6 Rd8 21. Nxc8 Raxc8 22. Nd4 Bc5 23. Ba6 Rc7 24. Nb3 Rxd1 25. Rxd1 Be7 26. c3 Kf8 27. Kf1 Ne4 28. Bd3 Nc5 29. Nd4 Nxd3 30. Rxd3 Rd7 31. Nxe6+ Ke8 32. Nxg7+ Kd8 33. Rxd7+ Kxd7 34. Nf5 Bg5 35. Ke2 Bc1 36. b3 Ke6 37. Nd4+ Kd5 38. Kd3 Bh6 39. Nb5 a5 40. a4 Bf8 41. Nd4 Be7 42. Nf5 Bc5 43. Ne3+ Ke5 44. f4+ Ke6 45. g4 Bd6 46. Ke4 Bc5 47. Nd5 Bf2 48. g5 Bc5 49. Nf6 h6 50. f5+ Ke7 51. Ng8+ Kf8 52. Nxh6 Kg7 53. Ng4 Ba3 54. Ne5 Bc5 55. f6+ Kg8 56. Kf5 Be3 57. g6 fxg6+ 58. Kxg6 Bc5 59. Nd7 Kh8 60. Nxc5 1-0

[Event "44th Chess Olympiad Women 2022"]
[Site "Chennai"]
[Date "2022.07.31"]
[Round "3.40"]
[White "Adhikari, Kritisara"]
[Black "Avelino, Camila Biscaya"]
[Result "0-1"]
[WhiteElo "1552"]
[BlackElo "1863"]
[Annotator "NA"]
[PlyCount "92"]
[EventDate "2022.??.??"]
[TimeControl "60"]

1. d4 Nf6 2. Bf4 g6 3. e3 Bg7 4. Nf3 d6 5. Nbd2 O-O 6. h3 c5 7. c3 Nc6 8. Be2 cxd4 9. exd4 Nd5 10. Bg3 e5 11. c4 Nc7 12. d5 Ne7 13.
Qb3 Na6 14. O-O f5 15. Rad1 h6 16. Ne1 e4 17. Qa3 f4 18. Bh2 f3 19. gxf3 Bxh3 20. Ng2 exf3 21. Bxf3 Nf5 22. Be4 Bg4 23. Rb1 Nc5 24. Bc2 Nd4 25. Be4 Qg5 26. Qe3 Ne2+ 27. Kh1 Qh5 28. f3 Ng3+ 29. Kg1 Nxf1 30. Rxf1 Nxe4 31. Nxe4 Bxf3 32. Nxd6 Bxg2 33.
Rxf8+ Rxf8 34. Kxg2 Qg4+ 35. Bg3 Kh7 36. b3 h5 37. Qe7 Rf3 38.
Ne4 Rf5 39. Nf2 Qf3+ 40. Kh3 h4 41. Qxh4+ Rh5 42. Qxh5+ gxh5 43. Kh2 Bd4 44. Nh1 Qf1 45. d6 Qg1+ 46. Kh3 Qxh1+ 0-1

[Event "44th Chess Olympiad Women 2022"]
[Site "Chennai"]
[Date "2022.07.31"]
[Round "3.40"]
[White "Chaves, Jussara"]
[Black "Kapali, Binita"]
[Result "1-0"]
[WhiteElo "1933"]
[BlackElo "1511"]
[Annotator "NA RC"]
[PlyCount "127"]
[EventDate "2022.??.??"]
[TimeControl "60"]

1. f4 Nf6 2. b3 d5 3. Nf3 c5 4. Bb2 Nc6 5. e3 Bf5 6. Bb5 a6 7. Bxc6+ bxc6 8.
Ne5 Qd6 9. Nc3 g6 10. Na4 Bg7 11. Ba3 Nd7 12. Nxd7 Bxd7 13. Bxc5 Qc7 14. Rc1 Rb8 15. O-O Be6 16. Qe2 a5 17. d3 O-O 18. e4 Rfe8 19. f5 Bd7 20.
Qf2 dxe4 21. dxe4 f6 22. Rcd1 Bf8 23. Bb6 Qb7 24. Qd4 Bc8 25. Bxa5 e5 26. fxe6 Bg7 27. Nc5 Qe7 28. Bd8 Qf8 29. Qc4 Rb5 30. e7+ Qf7 31. Qxf7+ Kxf7 32. Nd3 Bh6 33. e5 Be3+ 34. Kh1 Bf5 35. exf6 Bd4 36. a4 Rb7 37. a5 Bxf6 38. a6 Ra7 39. Nc5 Bxc2 40.
Rd2 Bf5 41. h3 Bxe7 42. Bb6 Raa8 43. g4 Bxc5 44. Bxc5 Re5 45. b4 Rxa6 46. gxf5 Ra3 47. fxg6+ Kxg6 48. Rg2+ Kh5 49. Kh2 Rd5 50. Rg3 Rd2+ 51. Rf2 Rxf2+ 52. Bxf2 Ra2 53. Kg2 Rb2 54. Rg4 Rc2 55. Kf3 Rc3+ 56. Be3 Rb3 57. Rc4 Rb2 58. Rc5+ Kg6 59. Rxc6+ Kf7 60. Rc4 Rb3 61. h4 Kg6 62. Ke4 h5 63. Bg5 Kf7 64. Kd5 1-0

[Event "44th Chess Olympiad Women 2022"]
[Site "Chennai"]
[Date "2022.07.31"]
[Round "3.40"]
[White "Lohani, Sujana"]
[Black "Pipiras, Filipa Fortuna"]
[Result "1-0"]
[WhiteElo "1697"]
[BlackElo "2139"]
[Annotator "NA RC"]
[PlyCount "69"]
[EventDate "2022.??.??"]
[TimeControl "60"]

1. d4 d5 2. Nf3 Nf6 3. c4 e6 4. g3 dxc4 5. Qa4+ Nbd7 6.
Bg2 c5 7. O-O a6 8. Qxc4 b5 9. Qc2 Bb7 10. Rd1 Rc8 11. Qd2 cxd4 12. Nxd4 Bxg2 13. Kxg2 Bc5 14. Nc3 O-O 15. Qg5 Qb6 16. Qh4 Ne5 17. Ne4 Qb7 18. f3 Nxe4 19. Qxe4 Qxe4 20. fxe4 Rfd8 21. e3 Nc6 22. a4 Bxd4 23. exd4 Nxd4 24. axb5 axb5 25. Ra7 f6 26. Rb7 Rc2+ 27. Kh3 h5 28. Be3 g5 29. g4 hxg4+ 30. Kxg4 f5+ 31. Kh5 Rxh2+ 32. Kg6 e5 33. exf5 Rh3 34. Bxd4 exd4 35. Rxd4 1-0

[Event "44th Chess Olympiad Women 2022"]
[Site "Chennai"]
[Date "2022.07.31"]
[Round "3.40"]
[White "Silva, Ana Ines Teixeira D"]
[Black "Neupane, Anisha"]
[Result "1-0"]
[WhiteElo "1775"]
[BlackElo "1488"]
[Annotator "NA"]
[PlyCount "63"]
[EventDate "2022.??.??"]
[TimeControl "60"]

1. e4 c5 2. Nc3 d6 3. g3 Nc6 4. Bg2 g6 5. d3 Bg7 6. Be3 e6 7. Qd2 Rb8 8.
Nge2 Nge7 9. Bh6 O-O 10. h4 Ne5 11. h5 Ng4 12. Bxg7 Kxg7 13. f3 Nf6 14. g4 Rh8 15. hxg6 fxg6 16. Qh6+ Kf7 17. Qh4 e5 18. O-O-O b5 19. f4 Nxg4 20. fxe5 Nxe5 21. Rdf1+ Ke8 22. Qf6 Kd7 23. d4 cxd4 24. Nxd4 Ba6 25. Bh3+ Nf5 26. Qxd8+ Rbxd8 27. exf5 Ke7 28. Nd5+ Kf7 29. fxg6+ Kxg6 30. Rhg1+ Kh6 31.
Nf5+ Kh5 32. Nf4# 1-0

[Event "44th Chess Olympiad Women 2022"]
[Site "Chennai"]
[Date "2022.07.31"]
[Round "3.41"]
[White "Cordero, Daniela"]
[Black "Henderson de La Fuente, Andrea"]
[Result "0-1"]
[WhiteElo "2005"]
[BlackElo "1962"]
[Annotator "NA RC"]
[PlyCount "46"]
[EventDate "2022.??.??"]
[TimeControl "60"]

1. d4 Nf6 2. Nf3 b6 3. c4 Bb7 4. Nc3 g6 5. Bg5 Bg7 6. Qd2 h6 7. Bxf6 Bxf6 8. e4 d6 9. Be2 Nd7 10. a4 e5 11. d5 Nc5 12. Ra3 a5 13. h4 h5 14. Ng5 Bc8 15. Bd1 Bg4 16. Bc2 Bxg5 17. hxg5 Bd7 18. Ne2 f6 19. gxf6 Qxf6 20. O-O h4 21. f4 h3 22. g3 Bg4 23. fxe5 h2+ 0-1

[Event "44th Chess Olympiad Women 2022"]
[Site "Chennai"]
[Date "2022.07.31"]
[Round "3.41"]
[White "De la Riva Real, Ariadna"]
[Black "Ramirez, Maria Eugenia"]
[Result "0-1"]
[WhiteElo "1649"]
[BlackElo "2005"]
[Annotator "NA RC"]
[PlyCount "52"]
[EventDate "2022.??.??"]
[TimeControl "60"]

1. e4 e5 2. Nf3 Nc6 3. Nc3 Nf6 4. d4 exd4 5. Nxd4 Bb4 6.
Nxc6 bxc6 7. Bd3 d6 8. h3 h6 9. O-O O-O 10. Qf3 Re8 11. Bf4 Rb8 12. Rfe1 Nd7 13. Qg3 Kh8 14. Bc4 Qf6 15. Re3 g5 16. Rf3 gxf4 17. Rxf4 Qg7 18. Rg4 Qh7 19. Rh4 Ne5 20. Bb3 Rg8 21. Qe3 Bc5 22. Qe2 Ng6 23. Qh5 Nxh4 24. Qxh4 Qg6 25. g3 Qg5 26. g4 Qxg4+ 0-1

[Event "44th Chess Olympiad Women 2022"]
[Site "Chennai"]
[Date "2022.07.31"]
[Round "3.41"]
[White "De la Riva Real, Jana"]
[Black "Coro, Soledad"]
[Result "0-1"]
[WhiteElo "1167"]
[BlackElo "1623"]
[Annotator "NA RC"]
[PlyCount "90"]
[EventDate "2022.??.??"]
[TimeControl "60"]

1. e4 c5 2. Nc3 Nc6 3. f4 g6 4. Nf3 Bg7 5. Bc4 Na5 6. Be2 d6 7. O-O Nf6 8. d4 cxd4 9. Qxd4 O-O 10. Qf2 Bd7 11. Qh4 Qb6+ 12. Kh1 Rfe8 13. e5 Ng4 14. Ng5 h5 15. Bxg4 Bxg4 16. h3 Bf5 17. g4 Bxc2 18. gxh5 gxh5 19. e6 Qc6+ 20. Kh2 Rf8 21. exf7+ Rxf7 22. Nxf7 Kxf7 23. Qxh5+ Bg6 24. Qxa5 e6 25. Qb5 Qc7 26. Qb3 Rh8 27. Nb5 Qc5 28. Be3 Qc6 29. Rac1 Qa6 30. Rc7+ Kg8 31. Rc8+ Kh7 32. Rxh8+ Bxh8 33. Rc1 d5 34. Rc7+ Kg8 35. h4 Bf6 36. Kg3 Qa5 37. Rc1 Qd8 38. Rh1 a6 39. Nc3 Qd7 40. Na4 Qg7 41. Kf2 Qh7 42. Ke1 Bc2 43. Qb4 Bxh4+ 44. Rxh4 Qxh4+ 45. Bf2 Qh1+ 0-1

[Event "44th Chess Olympiad Women 2022"]
[Site "Chennai"]
[Date "2022.07.31"]
[Round "3.42"]
[White "Acevedo Mendez, Lisseth"]
[Black "Buhagiar, Melita Sunan"]
[Result "0-1"]
[WhiteElo "1784"]
[BlackElo "1431"]
[Annotator "NA RC"]
[PlyCount "136"]
[EventDate "2022.??.??"]
[TimeControl "60"]

1. d4 d5 2. Bf4 Nf6 3. e3 c5 4. Nf3 Nc6 5. Nbd2 Qb6 6. dxc5 Qxc5 7. c3 Bf5 8. Be2 h6 9. h3 e6 10. Qb3 Qb6 11. Nd4 Bh7 12. Bb5 Rc8 13.
N2f3 Nd7 14. Ne5 Nc5 15. Bxc6+ Rxc6 16. Qb5 Qxb5 17. Nxb5 Nd3+ 18. Nxd3 Bxd3 19. Nd4 Rb6 20. O-O-O Bh7 21. Bc7 Ra6 22. a3 Kd7 23. Bg3 Bd6 24. Bxd6 Rxd6 25. h4 a6 26. Rh3 Rc8 27. Rg3 e5 28. Nf3 Ke6 29. Rxg7 Bg6 30. h5 Kf6 31. hxg6 Kxg7 32. gxf7 e4 33. Nh4 Kxf7 34. Nf5 Rf6 35. g4 Ke6 36. Rh1 Rh8 37. Rh5 Rg8 38. Rh2 Rxg4 39. Nd4+ Kd6 40. Kd2 Rg5 41. Ke2 h5 42. f4 exf3+ 43. Nxf3 Rg4 44. Nd4 h4 45. Kd3 Ke5 46. Ne2 Rh6 47. Rh3 Rg2 48. b4 b5 49. Nd4 Rg3 50. Nf3+ Rxf3 51. Rxf3 h3 52. Rf1 h2 53. Rh1 Rh3 54. Ke2 Ke4 55. Kf2 Kd3 56. Kg2 Rh6 57. Rxh2 Rxh2+ 58. Kxh2 Kxe3 59. Kg3 Kd3 60. Kf4 Kxc3 61. Ke5 d4 62. Kd5 d3 63. Kc5 d2 64. Kb6 d1=Q 65. Kxa6 Kc4 66. Kb6 Qd6+ 67. Kb7 Kd5 68. Ka8 Kc6 0-1

[Event "44th Chess Olympiad Women 2022"]
[Site "Chennai"]
[Date "2022.07.31"]
[Round "3.42"]
[White "Chuemsakul, Sarocha"]
[Black "Ptacnikova, Lenka"]
[Result "1/2-1/2"]
[WhiteElo "1684"]
[BlackElo "2066"]
[Annotator "NA RC"]
[PlyCount "76"]
[EventDate "2022.??.??"]
[TimeControl "60"]

1. Nf3 Nf6 2. g3 d5 3. Bg2 c6 4. O-O Bf5 5. c4 dxc4 6. Na3 Nbd7 7. Nxc4 e6 8. d4 Be7 9. Qb3 Nb6 10. Nfe5 Be4 11. f3 Bd5 12. Qc3 Bxc4 13.
Nxc4 c5 14. dxc5 Bxc5+ 15. Kh1 Rc8 16. Nxb6 Bxb6 17. Qb4 Nd5 18. Qa4+ Qd7 19. Qxd7+ Kxd7 20. e4 Nb4 21. Bd2 Nd3 22. h3 Nxb2 23. Bb4 Bd4 24. f4 Rhd8 25. e5 b6 26. Rab1 a5 27. Ba3 Nc4 28.
Rfd1 Ke8 29. Bd6 Bf2 30. Bf1 Bxg3 31. Bxc4 Rxc4 32. Rxb6 Bxf4 33. Rb7 Rd7 34. Rb8+ Rd8 35. Rb7 Rd7 36. Rb8+ Rd8 37. Rb7 Rd7 38. Rb8+ Rd8 1/2-1/2

[Event "44th Chess Olympiad Women 2022"]
[Site "Chennai"]
[Date "2022.07.31"]
[Round "3.42"]
[White "Khantree, Napat"]
[Black "Finnbogadottir, Tinna Kristin"]
[Result "1-0"]
[WhiteElo "1362"]
[BlackElo "1828"]
[Annotator "NA RC"]
[PlyCount "129"]
[EventDate "2022.??.??"]
[TimeControl "60"]

1. d4 d5 2. c4 c6 3. cxd5 cxd5 4. Nc3 Nf6 5. Bf4 Nc6 6. e3 Bf5 7. Qb3 Qd7 8. Nf3 a6 9. Na4 e6 10. Nb6 Bb4+ 11. Ke2 Qd8 12. Nxa8 Qxa8 13. Ne5 a5 14. Nxc6 bxc6 15. a3 Be7 16. Qb8+ Qxb8 17. Bxb8 Kd7 18. Bg3 Ne4 19. Kd1 h5 20. f3 Nxg3 21. hxg3 Rb8 22. Ra2 Bg6 23. Kd2 Rb3 24. Be2 c5 25. Bd1 Rd3+ 26. Ke2 cxd4 27. Ba4+ Kd8 28. exd4 Rxd4 29. Bb5 Bd6 30. Rh4 Rxh4 31. gxh4 Bg3 32. b4 axb4 33. axb4 Bxh4 34. Bd3 Bxd3+ 35. Kxd3 Bg3 36. Ra7 Bc7 37. Ra8+ Kd7 38. Ra6 Kc8 39. Kd4 Kb7 40. b5 g5 41. Kc5 g4 42. fxg4 hxg4 43.
Rc6 g3 44. Kd4 e5+ 45. Kxd5 Bb8 46. Rf6 Ka7 47. Rxf7+ Kb6 48. Ke4 Kc5 49. Rg7 Bd6 50. Rd7 Bb8 51. Kf3 e4+ 52. Kxe4 Kb6 53. Kd5 Bf4 54. Kc4 Be3 55. Rd3 Bf2 56. Ra3 Kc7 57. Ra6 Kb7 58. Re6 Kc7 59. Kb4 Kb7 60. Ka5 Bd4 61. b6 Bf2 62. Kb5 Bd4 63. Re7+ Kc8 64. Kc6 Kd8 65. Rd7+ 1-0

[Event "44th Chess Olympiad Women 2022"]
[Site "Chennai"]
[Date "2022.07.31"]
[Round "3.42"]
[White "Thorsteinsdottir, Hallgerdur"]
[Black "Prommuang, Araya"]
[Result "1-0"]
[WhiteElo "1934"]
[BlackElo "1651"]
[Annotator "NA"]
[PlyCount "75"]
[EventDate "2022.??.??"]
[TimeControl "60"]

1. e4 c5 2. Nf3 e6 3. g3 d5 4. exd5 exd5 5. d4 Nf6 6. Bg2 Be7 7. dxc5 Bxc5 8. O-O O-O 9. Nc3 Nc6 10. a3 a6 11. b4 Ba7 12. Bg5 Bg4 13.
Bxf6 Qxf6 14. Nxd5 Qf5 15. Ne3 Bxe3 16. fxe3 Qe6 17. Qc1 h6 18. Nd4 Nxd4 19. exd4 Qd7 20. Qd2 Rac8 21. Rf4 Rfe8 22. Re4 Rxe4 23. Bxe4 f5 24. Bg2 Re8 25. c4 Rd8 26. d5 b6 27. c5 bxc5 28. bxc5 Bh5 29. d6 Qa7 30. Qf2 Qd7 31. Re1 Be8 32. Qd4 Bf7 33. c6 Qc8 34. Re7 Rf8 35. c7 Kh7 36. Bd5 Kg6 37. Bxf7+ Rxf7 38. Rxf7 1-0

[Event "44th Chess Olympiad Women 2022"]
[Site "Chennai"]
[Date "2022.07.31"]
[Round "3.43"]
[White "Creebsburg, Shefali"]
[Black "Hamza, Amira"]
[Result "0-1"]
[WhiteElo "1151"]
[BlackElo "1848"]
[Annotator "NA"]
[PlyCount "70"]
[EventDate "2022.??.??"]
[TimeControl "60"]

1. e4 d6 2. Nc3 g6 3. d4 Bg7 4. Nf3 Nd7 5. Bc4 e6 6. Bg5 Ne7 7. O-O h6 8. Be3 O-O 9. Qd2 Kh7 10. h3 a6 11. Nh2 e5 12. d5 f5 13. f4 fxe4 14. Nxe4 Nf5 15.
c3 Nxe3 16. Qxe3 exf4 17. Rxf4 Ne5 18. Bb3 Bf5 19. Raf1 Qe7 20. Ng4 Bxg4 21. hxg4 Rxf4 22. Rxf4 Rf8 23. Rxf8 Qxf8 24. Qh3 Qf4 25. Nf2 Qd2 26. Qh4 Qe1+ 27. Kh2 Nd3 28. Bc2 Be5+ 29. g3 Qxf2+ 30. Kh3 Qxc2 31. Qe7+ Bg7 32. g5 Nf2+ 33. Kh4 hxg5+ 34. Kxg5 Qf5+ 35. Kh4 Qh5# 0-1

[Event "44th Chess Olympiad Women 2022"]
[Site "Chennai"]
[Date "2022.07.31"]
[Round "3.43"]
[White "Kaslan, Victoria"]
[Black "Abdi, Zineb Dina"]
[Result "1/2-1/2"]
[WhiteElo "1477"]
[BlackElo "1899"]
[Annotator "NA RC"]
[PlyCount "107"]
[EventDate "2022.??.??"]
[TimeControl "60"]

1. e4 c5 2. Nf3 e6 3. d4 cxd4 4. Nxd4 a6 5. Be3 Qc7 6. Nd2 Nf6 7. f3 d5 8. exd5 Nxd5 9. Bf2 Nd7 10. c3 N7f6 11. N2b3 Bd6 12. g3 O-O 13. Be2 Rd8 14. O-O e5 15. Nc2 Nb6 16. Qc1 Be6 17. Qe3 Nc4 18. Qc1 Rac8 19. Ne3 Na5 20. Nd2 Rd7 21. Rd1 b5 22. Kg2 Qb7 23. Qb1 Rcd8 24. b4 Nc6 25. Ne4 Be7 26. Qc2 Rxd1 27. Rxd1 Rxd1 28. Bxd1 Nxe4 29. Qxe4 Bxa2 30. Bc2 g6 31. Nd5 Bxd5 32. Qxd5 Qc7 33. Bb3 Nd8 34. Be1 Qd6 35. Bf2 Qf6 36. Be3 Qf5 37. Qd2 Qc8 38. Bb6 Ne6 39. Bf2 Kg7 40. Be1 Kg8 41. Qd5 Bf6 42. c4 Nd4 43. Ba2 Qc6 44. c5 Qe8 45. Qd6 Kg7 46. Bd5 Nf5 47. Qc6 Qd8 48. Be4 Ne3+ 49. Kf2 Qd4 50. Ke2 Qd1+ 51. Kf2 Qd4 52. Ke2 Qd1+ 53. Kf2 Qd4 54. Ke2 1/2-1/2